 Dungeon Crawl Stone Soup version 0.31-a0-219-g8d62b2e7bb (webtiles) character file.

Game seed: 7732388692608615079

123296 spardeous the Spry (level 16, -4/112 HPs)
             Began as a Felid Earth Elementalist on July 4, 2023.
             Was an Initiate of Gozag.
             Splashed by a goliath frog's acid (5 damage)
             ... on level 1 of the Swamp.
             The game lasted 02:23:49 (56834 turns).

spardeous the Spry (Felid Earth Elementalist)      Turns: 56834, Time: 02:23:49

Health: -4/112     AC:  4    Str: 18    XL:     16   Next: 6%
Magic:  21/31      EV: 21    Int: 28    God:    Gozag
Gold:   1767       SH:  5    Dex: 21    Spells: 10/35 levels left
                                        Lives:  0   Deaths: 2

rFire   + +          +
                       - Unarmed
rCold   x . .        (shield unavailable)
rNeg    + + .        (body armour unavailable)
rPois   +            (helmet unavailable)
rElec   +            (cloak unavailable)
rCorr   .            (gloves unavailable)
SInv    +            (boots unavailable)
Will    +....        M - amulet of Ucisi {Reflect rN+ Str+3 SH+5}
Stlth   +++          K - ring of Fivymufu {Wiz rElec Will- Int+3}
HPRegen 0.38/turn    R - ring of the Magpie {rF+ rN+ Str+3 Int-3 Dex+2}
MPRegen 0.22/turn

%: reflection, wizardry (x1)
@: dragon-form, corroded, flying
A: dragon claw, dragon scales, breathe fire, flying, boosted hp, giant, (claws
1), (fangs 3), see invisible, (speed 1), (shaggy fur 3), (stealthy paws), no
weapons or thrown items, no armour, multi-lived, agile 1, clever 1
}: 1/15 runes: serpentine
a: Breathe Fire, End Transformation, Renounce Religion, Potion Petition, Call
Merchant, Bribe Branch


You were on level 1 of the Swamp.
You worshipped Gozag.
Gozag was most pleased with you.
You were a fearsome dragon!
You visited 7 branches of the dungeon, and saw 29 of its levels.
You also visited: Gauntlet and Desolation.

You collected 11858 gold pieces.
You spent 1941 gold pieces at shops.
You paid 8150 gold pieces to Gozag.

Inventory:

Jewellery
 b - a +4 ring of protection
 d - the ring "Xooteqyt" {Fly rPois rF- Str+3}
   (You took it off a ragged hierophant in the Desolation of Salt)

   [ring of flight]

   Str:       It affects your strength (+3).
   rF:        It makes you vulnerable to fire.
   rPois:     It protects you from poison.
   Fly:       It grants you flight.
 e - an amulet of regeneration
 i - the amulet "Ushrighucw" {Reflect rC- Int+2 Dex+2 SH+5}
   (You found it in the Desolation of Salt)

   [amulet of reflection]

   It reflects blocked missile attacks.
   Int:       It affects your intelligence (+2).
   Dex:       It affects your dexterity (+2).
   rC:        It makes you vulnerable to cold.
   SH:        It affects your SH (+5).
 j - a ring of willpower
 o - a +4 ring of protection
 r - an amulet of reflection
 w - a ring of magical power
 z - a +4 ring of slaying
 H - a +4 ring of protection
 K - the ring of Fivymufu (left foreclaw) {Wiz rElec Will- Int+3}
   (You bought it in a shop on level 1 of the Lair of Beasts)

   [ring of wizardry]

   It improves your spell success rate.
   Int:       It affects your intelligence (+3).
   rElec:     It insulates you from electricity.
   Will:      It decreases your willpower.
 M - the amulet of Ucisi (around neck) {Reflect rN+ Str+3 SH+5}
   (You found it in the Desolation of Salt)

   [amulet of reflection]

   It reflects blocked missile attacks.
   Str:       It affects your strength (+3).
   rN:        It protects you from negative energy.
   SH:        It affects your SH (+5).
 O - a +5 ring of evasion
 R - the ring of the Magpie (right foreclaw) {rF+ rN+ Str+3 Int-3 Dex+2}
   (You bought it in a shop on level 1 of the Lair of Beasts)

   [ring of positive energy]

   Str:       It affects your strength (+3).
   Int:       It affects your intelligence (-3).
   Dex:       It affects your dexterity (+2).
   rF:        It protects you from fire.
   rN:        It protects you from negative energy.
 U - the ring of Fatsosm {Ice Will+ Str-2 Dex+5}
   (You found it in a Gauntlet)

   [ring of ice]

   It enhances your ice magic.
   Str:       It affects your strength (-2).
   Dex:       It affects your dexterity (+5).
   rF:        It makes you vulnerable to fire.
   rC:        It protects you from cold.
   Will:      It increases your willpower.
 Y - a ring of poison resistance
Wands
 q - a wand of polymorph (4)
 I - a wand of paralysis (12)
 L - a wand of digging (4)
 N - a wand of mindburst (14)
 Q - a wand of flame (49)
 T - a wand of acid (16)
 V - a wand of iceblast (8)
Scrolls
 f - 2 scrolls of silence
 h - 6 scrolls of noise
 n - 5 scrolls of vulnerability
 p - 3 scrolls of blinking
 s - 3 scrolls of fear
 t - 6 scrolls of amnesia
 u - 2 scrolls of fog
 y - 5 scrolls of immolation
 A - 3 scrolls of torment
 D - 5 scrolls of poison
 S - a scroll of summoning
 W - 3 scrolls of teleportation
Potions
 a - 5 potions of magic
 l - 3 potions of brilliance
 m - 6 potions of curing
 v - a potion of lignification
 x - 3 potions of attraction
 E - a potion of might
 F - a potion of cancellation
 G - 3 potions of enlightenment
 J - 2 potions of ambrosia
Miscellaneous
 c - a phantom mirror


   Skills:
 - Level 11.2 Fighting
 + Level 19.8 Dodging
 - Level 5.2 Stealth
 - Level 10.2 Unarmed Combat
 - Level 10.3 Spellcasting
 - Level 8.8 Conjurations
 - Level 12.6 Translocations
 - Level 16.8 Transmutations
 + Level 11.7 Earth Magic
 - Level 3.5 Evocations


You had 10 spell levels left.
You knew the following spells:

 Your Spells              Type           Power      Damage    Failure   Level
a - Sandblast             Erth           100%       2d20      1%          1
b - Stone Arrow           Conj/Erth      100%       3d13      1%          3
c - Petrify               Tmut/Erth      76%        N/A       1%          4
d - Statue Form           Tmut/Erth      50%        N/A       1%          6
e - Manifold Assault      Tloc           71%        N/A       1%          4
f - Dragon Form           Tmut           41%        N/A       1%          7

Your spell library contained the following spells:

 Spells                   Type           Power      Damage    Failure   Level
 Passwall                 Tmut/Erth      63%        N/A       0%          2
 Kiss of Death            Conj/Necr      100%       2d13      1%          1
 Summon Small Mammal      Summ           56%        N/A       1%          1
 Blink                    Tloc           100%       N/A       1%          2
 Hailstorm                Conj/Ice       39%        3d9       1%          3
 Ignite Poison            Fire/Tmut/Pois 46%        N/A       1%          3
 Mephitic Cloud           Conj/Pois/Air  31%        N/A       1%          3
 Ice Form                 Ice/Tmut       58%        N/A       1%          4
 Passage of Golubria      Tloc           71%        N/A       1%          4
 Yara's Violent Unravell  Hex/Tmut       29%        3d12      1%          5
 Cigotuvi's Dreadful Rot  Necr/Pois/Air  28%        N/A       2%          2
 Poisonous Vapours        Pois/Air       28%        N/A       2%          2
 Flame Wave               Conj/Fire      39%        2d11      2%          4
 Sticky Flame             Conj/Fire      39%        2d6       2%          4
 Summon Forest            Summ/Tloc      24%        N/A       3%          5
 Call Canine Familiar     Summ           14%        N/A       4%          3
 Inner Flame              Hex/Fire       14%        N/A       4%          3
 Ozocubu's Armour         Ice            14%        N/A       4%          3
 Summon Guardian Golem    Hex/Summ       14%        N/A       4%          3
 Tukima's Dance           Hex            14%        N/A       4%          3
 Borgnjor's Vile Clutch   Necr/Erth      23%        N/A       4%          5
 Freezing Cloud           Conj/Ice/Air   15%        6-21      13%         5
 Cause Fear               Hex            7%         N/A       16%         4
 Metabolic Englaciation   Hex/Ice        7%         N/A       38%         5
 Silence                  Hex/Air        7%         N/A       38%         5
 Summon Mana Viper        Hex/Summ       14%        N/A       38%         5
 Storm Form               Tmut/Air       29%        N/A       38%         7
 Lehudib's Crystal Spear  Conj/Erth      32%        10d8      78%         8
 Plasma Beam              Fire/Air       7%         2x1d17    90%         6
 Summon Cactus Giant      Summ           7%         N/A       90%         6
 Haunt                    Necr/Summ      7%         N/A       100%        7
 Ozocubu's Refrigeration  Ice            7%         4d9       100%        7
 Borgnjor's Revivificati  Necr           7%         N/A       100%        8
 Dragon's Call            Summ           7%         N/A       100%        9
 Animate Armour           Summ/Erth      Unusable   N/A       N/A         4
 Simulacrum               Ice/Necr       Unusable   N/A       N/A         6

Dungeon Overview and Level Annotations

Branches:
Dungeon (15/15)            Temple (1/1) D:7            Lair (5/5) D:11
  Swamp (1/4) Lair:2        Snake (4/4) Lair:2        Slime (0/5) Lair:5
    Orc (2/2) D:10            Elf (1/3) Orc:2        Vaults (0/5) D:14
 Depths (0/4) D:15        Desolation (visited)      Gauntlet (visited)

Altars:
Ashenzari
Cheibriados
Dithmenos
Elyvilon
Fedhas
Gozag
Hepliaklqana
Kikubaaqudgha
Makhleb
Nemelex Xobeh
Okawaru
Qazlal
Ru
Sif Muna
Trog
Uskayaw
Vehumet
Wu Jian
Xom
Yredelemnul
Zin
The Shining One
Jiyva

Shops:
D:15 [   Orc:2 [:**(   Lair:1 ?:*=:*   Snake:1 ?   Snake:4 [

Annotations:
Elf:1 Asterion


Innate Abilities, Weirdness & Mutations

You are a fearsome dragon!
You have a powerful clawing attack.
Your giant scaled body is strong and resiliant, but less evasive.
You can breathe fire.
You are flying.
Your maximum health is greatly increased.
((You have sharp claws.))
((You have razor-sharp teeth.))
You have supernaturally acute eyesight. (SInv)
((You cover ground quickly. (Speed+)))
((Your thick and shaggy fur keeps you warm. (AC +3, rC+)))
((Your paws help you pounce on unaware monsters.))
You are incapable of wielding weapons or throwing items.
You cannot wear armour.
You gain extra lives every three experience levels.
You are agile. (Dex +4, Str/Int -1)
Your mind is acute. (Int +4, Str/Dex -1)


Message History

You destroy the shambling mangrove!
No target in view!
No target in view!
A goliath frog comes into view.
A goliath frog is nearby!
A goliath frog is nearby!
Casting: Dragon Form (dangerous; 1% risk of failure)
Confirm with . or Enter, or press ? or * to list all spells.
You extend your transformation's duration.
A goliath frog comes into view.
The goliath frog closely misses you.
A goliath frog comes into view.
The goliath frog hits you from afar! The acid corrodes you!
You are splashed with acid!
The goliath frog hits you.
You are splashed with acid!
The goliath frog misses you.
You see here 22 gold pieces.
You closely miss the goliath frog.
Your tail-slap misses the goliath frog.
The goliath frog is distracted by your dazzling golden aura.
The goliath frog barely misses you. You block the goliath frog's attack.
You bite the goliath frog!!
Your tail-slap misses the goliath frog.
The goliath frog is severely wounded.
The goliath frog hits you!
You are splashed with acid!
The goliath frog misses you.
You bite the goliath frog!!
You kill the goliath frog!
The goliath frog closely misses you. The goliath frog hits you!
The acid corrodes you!
You are splashed with acid!
The goliath frog attacks as you move away!
The goliath frog hits you!
* * * LOW HITPOINT WARNING * * *
The acid corrodes you!
You are splashed with acid!
* * * LOW HITPOINT WARNING * * *
A bog body comes into view.
The goliath frog is no longer distracted by gold.
The goliath frog hits you from afar!
* * * LOW HITPOINT WARNING * * *
The acid corrodes you!
You are splashed with acid.
You die...
Your body crumbles into a pile of gold.

$ ..♣ ♣... ♣..♣
...♣♣ ♣~~♣♣
♣....♣♣
♣.§.♣♣♣♣.~~..(♣
♣.~♣~...~~.F..
♣~~§.~.~~~~§~.
♣..~~~~~...)~.
♣.~.D$F.n..~♣
♣.~.$~.♣♣...
♣$$.$~.♣
♣~~....♣
♣:~~~~§~♣
♣.~.~~.♣♣
♣~~.~~~♣
♣~§~♣~§♣
.~~~.~.♣


You could see 2 goliath frogs and a bog body.

Vanquished Creatures
  Vashnia (Snake:4)
  Nikola (Snake:2)
  Rupert (D:12)
  Frances (D:12)
  Kirke (D:13)
  3 nagarajas
  Louise (Snake:1)
  A deep elf sorcerer (Elf:1)
  2 imperial myrmidons (Desolation)
  2 orc warlords (Orc:2)
  An eleionoma (Lair:2)
  Azrael (D:13)
  Nessos (Lair:4)
  4 halazid warlocks (Desolation)
  A minotaur (Gauntlet)
  Snorg (D:13)
  A fire dragon (Lair:5)
  5 ragged hierophants (Desolation)
  A shambling mangrove (Swamp:1)
  5 servants of whispers (Desolation)
  Erolcha (D:13)
  5 hydras
  2 ice dragons (D:15)
  2 catoblepae
  3 centaur warriors (D:14)
  A peacekeeper (Desolation)
  A salamander tyrant (Snake:4)
  9 anacondas
  A tengu warrior (D:13)
  5 boulder beetles
  Urug (Lair:1)
  6 death yaks
  20 naga warriors
  4 two-headed ogres
  2 dancing weapons (Elf:1)
  An orc high priest (Orc:2)
  4 shock serpents
  19 naga sharpshooters
  Sonja (D:10)
  4 deep elf knights (Elf:1)
  The ghost of promet the Basher, a novice GrFi of Ashenzari (D:9)
  Nergalle (Orc:2)
  6 salamander mystics
  A fire crab (Gauntlet)
  3 sixfirhies (Gauntlet)
  Lodul (D:11)
  2 skysharks
  A goliath frog (Swamp:1)
  3 ironbound convokers (Desolation)
  2 lindwurms (Lair:5)
  Pikel (D:8)
  6 naga ritualists
  3 deep elf archers
  5 orc knights
  2 bog bodies (Lair:2)
  11 mana vipers
  6 deep elf zephyrmancers
  An ugly thing (D:12)
  An oklob plant (Lair:2)
  11 deep elf pyromancers
  A will-o-the-wisp (Swamp:1)
  5 cyclopes
  13 salamanders
  3 orc sorcerers
  4 manticores
  38 black mambas
  5 elephants (Lair:4)
  10 guardian serpents
  3 molten gargoyles
  11 naga magi
  Maggie (D:6)
  12 cane toads
  3 gargoyles
  An unseen horror (D:11)
  3 kobold demonologists
  A rime drake (Lair:3)
  A tengu conjurer (D:13)
  2 efreet
  A yaktaur (D:15)
  15 komodo dragons
  8 trolls
  A polar bear (Lair:3)
  2 tyrant leeches
  36 saltlings (Desolation)
  2 hornets
  A wolf spider simulacrum (D:15)
  18 blink frogs
  9 slime creatures
  7 dream sheep (Lair:5)
  3 centaur simulacra (Gauntlet)
  2 shadows
  2 wraiths
  38 yaks
  4 fire bats (Gauntlet)
  5 wyverns
  9 basilisks
  2 hogs (D:13)
  3 water elementals
  A golden eye (shapeshifter) (D:14)
  2 fire elementals
  2 steam dragons (Lair:5)
  6 vampire mosquitoes
  7 wargs
  Menkaure (D:6)
  A swamp worm (Swamp:1)
  51 nagas
  11 hell hounds
  19 water moccasins
  35 orc warriors
  An ice beast (D:6)
  3 sky beasts (D:6)
  5 black bears
  A boggart (D:14)
  11 ogres (D:11)
  10 wolves
  13 centaurs
  2 phantoms
  13 bullfrogs
  8 kobold brigands
  A cane toad simulacrum (Gauntlet)
  A scorpion (D:4)
  10 wights
  28 killer bees
  6 electric eels
  5 howler monkeys
  5 lava snakes (Lair:5)
  5 hounds
  15 orc priests
  6 gnoll boudas
  2 jellies
  2 sleepcaps
  7 iguanas
  10 hell rats
  Natasha (thrice) (D:4)
  33 orc wizards
  22 gnolls
  7 adders
  2 shadow imps
  2 white imps
  An ufetubus (D:7)
  A worm (D:3)
  2 dart slugs
  85 orcs
  6 ball pythons
  5 endoplasms
  5 giant cockroaches
  10 goblins
  8 hobgoblins
  8 jackals
  3 quokkas
  5 bats
  2 frilled lizards (D:2)
  13 kobolds
  7 rats
  6 spectral weapons (Elf:1)
1022 creatures vanquished.

Vanquished Creatures (collateral kills)
  2 death yaks (Lair:5)
  A yak (Lair:5)
3 creatures vanquished.

Vanquished Creatures (others)
  A deep elf knight (Elf:1)
  A water elemental (Elf:1)
  A naga (Snake:1)
  An orc (Orc:2)
4 creatures vanquished.

Grand Total: 1029 creatures vanquished

Notes
Turn   | Place    | Note
-------+----------+-------------------------------------------
     0 | D:1      | spardeous the Felid Earth Elementalist began the quest for
                  | the Orb.
     0 | D:1      | Reached XP level 1. HP: 7/7 MP: 4/4
    44 | D:1      | Found a faded altar of an unknown god.
   198 | D:2      | Reached XP level 2. HP: 11/11 MP: 1/6
   285 | D:2      | Reached skill level 3 in Dodging
   485 | D:2      | Reached XP level 3. HP: 14/14 MP: 5/7
   949 | D:4      | Reached XP level 4. HP: 18/18 MP: 4/8
  1044 | D:4      | Noticed a phantom
  1122 | D:4      | Killed a phantom
  1123 | D:4      | Reached skill level 4 in Dodging
  1123 | D:4      | Reached XP level 5. HP: 21/21 MP: 2/9
  1286 | D:4      | Reached skill level 5 in Dodging
  1286 | D:4      | Reached skill level 5 in Earth Magic
  1322 | D:4      | Gained mutation: You are covered in thick fur. (AC +2)
                  | [Felid growth]
  1322 | D:4      | Reached XP level 6. HP: 24/24 MP: 5/10
  1375 | D:4      | Noticed Natasha
  1378 | D:4      | Killed Natasha
  1537 | D:4      | Noticed an orc warrior
  1622 | D:4      | Noticed Natasha
  1654 | D:4      | Killed Natasha
  1716 | D:4      | Noticed Natasha
  1720 | D:4      | Killed Natasha
  1725 | D:4      | Learned a level 3 spell: Stone Arrow
  1730 | D:4      | Learned a level 4 spell: Petrify
  2026 | D:4      | Killed an orc warrior
  2027 | D:4      | Reached skill level 1 in Conjurations
  2027 | D:4      | Reached XP level 7. HP: 27/27 MP: 6/11
  2105 | D:4      | Found a sparkling altar of Nemelex Xobeh.
  2106 | D:4      | Found a basalt altar of Yredelemnul.
  2107 | D:4      | Found a hide-covered altar of Uskayaw.
  2336 | D:5      | Entered Level 5 of the Dungeon
  3836 | D:3      | Found a glowing golden altar of the Shining One.
  4012 | D:6      | Reached XP level 8. HP: 31/31 MP: 5/12
  4214 | D:6      | Noticed Menkaure
  4377 | D:6      | Killed Menkaure
  4645 | D:6      | Reached skill level 5 in Conjurations
  4822 | D:6      | Noticed Maggie
  5131 | D:6      | Killed Maggie
  5132 | D:6      | Reached XP level 9. HP: 22/34 MP: 5/14
  6017 | D:1      | You fall into a shaft and drop 1 floor!
  7028 | D:7      | Found a staircase to the Ecumenical Temple.
  7035 | Temple   | Entered the Ecumenical Temple
  7098 | Temple   | Became a worshipper of Gozag Ym Sagoz the Greedy
  8470 | D:8      | Noticed a two-headed ogre
  8490 | D:8      | Killed a two-headed ogre
  8491 | D:8      | Reached skill level 5 in Spellcasting
  8642 | D:8      | Reached XP level 10. HP: 37/37 MP: 8/18
  9608 | D:8      | Reached skill level 10 in Earth Magic
  9659 | D:8      | Noticed Pikel
  9710 | D:8      | Killed Pikel
 10645 | D:9      | Found a runed translucent gate.
 10646 | D:9      | Noticed promet's ghost (novice GrFi)
 10650 | D:9      | Found a runed translucent gate.
 10651 | D:9      | Found a runed translucent gate.
 10652 | D:9      | Noticed a cyclops
 10737 | D:9      | Identified the staff "Guodwal" {rElec rC+ rN+ rCorr SInv
                  | Necro}
 11594 | D:10     | Entered Level 10 of the Dungeon
 11863 | D:10     | Found a staircase to the Orcish Mines.
 11886 | D:10     | Noticed Sonja
 11894 | D:10     | Killed Sonja
 11895 | D:10     | Reached XP level 11. HP: 20/40 MP: 5/23
 12477 | D:10     | Reached skill level 6 in Dodging
 12651 | D:10     | Reached skill level 1 in Fighting
 12978 | D:11     | Noticed a two-headed ogre
 12990 | D:11     | Killed a two-headed ogre
 13126 | D:11     | Reached skill level 5 in Transmutations
 13354 | D:11     | Reached skill level 7 in Dodging
 14037 | D:11     | Reached skill level 8 in Dodging
 14572 | D:11     | Found a staircase to the Lair.
 14812 | D:11     | Noticed a two-headed ogre
 14822 | D:11     | Killed a two-headed ogre
 14869 | D:11     | Reached skill level 5 in Fighting
 14869 | D:11     | Reached skill level 9 in Dodging
 15011 | D:11     | Noticed Lodul
 15581 | D:11     | Gained mutation: Your thick and shaggy fur keeps you warm.
                  | (AC +3, rC+) [Felid growth]
 15581 | D:11     | Reached XP level 12. HP: 51/51 MP: 21/24
 16073 | D:11     | Killed Lodul
 16670 | Lair:1   | Entered Level 1 of the Lair of Beasts
 16763 | Lair:1   | Reached skill level 10 in Dodging
 17035 | Lair:1   | You fall into a shaft and drop 1 floor!
 17553 | Lair:1   | Noticed a catoblepas
 17578 | Lair:1   | Killed a catoblepas
 17806 | Lair:1   | Reached skill level 5 in Stealth
 18005 | Lair:2   | Found a sparkling altar of Nemelex Xobeh.
 18054 | Lair:2   | Noticed Urug
 18074 | Lair:2   | Reached skill level 1 in Unarmed Combat
 18204 | Lair:1   | Killed Urug
 18259 | Lair:2   | Noticed a six-headed hydra
 18733 | Lair:2   | Killed a six-headed hydra
 18767 | Lair:2   | Noticed a boulder beetle
 18792 | Lair:2   | Killed a boulder beetle
 18797 | Lair:2   | Reached skill level 10 in Transmutations
 18920 | Lair:2   | Found a staircase to the Swamp.
 19618 | Lair:2   | Found a staircase to the Snake Pit.
 20492 | Lair:2   | Reached XP level 13. HP: 57/57 MP: 15/26
 21438 | D:9      | Killed promet's ghost
 21610 | D:9      | Identified the +1 robe "Asaf" {rElec Int+6 Slay-4}
 22342 | Lair:3   | Learned a level 6 spell: Statue Form
 24070 | Lair:1   | Bought a scroll of identify for 30 gold pieces
 24070 | Lair:1   | Bought a scroll of noise for 15 gold pieces
 24072 | Lair:1   | Bought a potion of curing for 33 gold pieces
 24085 | Lair:1   | Gained mutation: You are vulnerable to heat. (rF-) [potion
                  | of mutation]
 24085 | Lair:1   | Gained mutation: You expend magic power (3 MP) to
                  | strengthen your wands. [potion of mutation]
 24085 | Lair:1   | Gained mutation: You are agile. (Dex +4, Str/Int -1)
                  | [potion of mutation]
 24086 | Lair:1   | Lost mutation: You expend magic power (3 MP) to strengthen
                  | your wands. [potion of mutation]
 24086 | Lair:1   | Lost mutation: You are vulnerable to heat. (rF-) [potion of
                  | mutation]
 24086 | Lair:1   | Gained mutation: Your mind is acute. (Int +4, Str/Dex -1)
                  | [potion of mutation]
 24158 | Lair:1   | Bought a scroll of summoning for 142 gold pieces
 24158 | Lair:1   | Bought a scroll of poison for 60 gold pieces
 25219 | Lair:4   | Reached skill level 10 in Spellcasting
 25936 | Lair:4   | Noticed Nessos
 25945 | Lair:4   | Killed Nessos
 26392 | Lair:5   | Entered Level 5 of the Lair of Beasts
 26481 | Lair:5   | Found a staircase to the Slime Pits.
 26543 | Lair:5   | Reached skill level 11 in Dodging
 26714 | Lair:5   | Reached skill level 5 in Unarmed Combat
 27135 | Lair:4   | Learned a level 4 spell: Manifold Assault
 27140 | Lair:5   | Found a viscous altar of Jiyva.
 27162 | Lair:5   | Reached skill level 1 in Translocations
 27483 | Lair:4   | Reached XP level 14. HP: 34/61 MP: 4/29
 27752 | Lair:5   | Reached skill level 5 in Translocations
 29813 | Lair:5   | Found a large runed translucent door.
 29813 | Lair:5   | Found a large runed translucent door.
 30699 | Lair:1   | Bought the ring of Fivymufu {Wiz rElec Will- Int+3} for 737
                  | gold pieces
 30699 | Lair:1   | Bought the ring of the Magpie {rF+ rN+ Str+3 Int-3 Dex+2}
                  | for 611 gold pieces
 30802 | D:12     | Noticed Frances
 30854 | D:12     | Noticed Rupert
 31021 | D:12     | Found a gate leading to a gauntlet.
 31034 | Gauntlet | Entered a Gauntlet
 31034 | Gauntlet | Found a large runed translucent door.
 31034 | Gauntlet | Found a large runed translucent door.
 31034 | Gauntlet | Found a large runed translucent door.
 31034 | Gauntlet | Found a large runed translucent door.
 31034 | Gauntlet | Found a large runed translucent door.
 31034 | Gauntlet | Found a large runed translucent door.
 31034 | Gauntlet | Found a large runed translucent door.
 31034 | Gauntlet | Found a large runed translucent door.
 31034 | Gauntlet | Found a runed translucent door.
 31034 | Gauntlet | Found a runed translucent gate.
 31034 | Gauntlet | Found a transporter.
 31034 | Gauntlet | Found a transporter.
 31034 | Gauntlet | Found a runed translucent gate.
 31034 | Gauntlet | Found a transporter.
 31126 | Gauntlet | Found a transporter.
 31126 | Gauntlet | Found a transporter.
 31127 | Gauntlet | Found a runed translucent gate.
 31127 | Gauntlet | Found a runed translucent door.
 31131 | Gauntlet | Found a large runed translucent door.
 31131 | Gauntlet | Found a large runed translucent door.
 31136 | Gauntlet | Found a transporter.
 31140 | Gauntlet | Found a transporter.
 31150 | Gauntlet | Found a transporter.
 31196 | Gauntlet | Found a large runed translucent door.
 31196 | Gauntlet | Found a large runed translucent door.
 31199 | Gauntlet | Found a large runed translucent door.
 31199 | Gauntlet | Found a large runed translucent door.
 31200 | Gauntlet | Found a large runed translucent door.
 31201 | Gauntlet | Found a large runed translucent door.
 31237 | Gauntlet | Found a transporter.
 31251 | Gauntlet | Found a transporter.
 31255 | Gauntlet | Found a transporter.
 31265 | Gauntlet | Found a transporter.
 31679 | Gauntlet | Identified the ring of Fatsosm {Ice Will+ Str-2 Dex+5}
 31797 | Gauntlet | Identified the +8 battleaxe "Zacul" {holy, rPois rC+ rN+}
 31816 | Gauntlet | Got the Commentary on the Salamander
 32088 | D:12     | Reached skill level 10 in Unarmed Combat
 32636 | D:12     | Killed Frances
 32988 | Orc:1    | Entered Level 1 of the Orcish Mines
 33228 | Orc:2    | Entered Level 2 of the Orcish Mines
 33278 | Orc:2    | Found Okilluv's General Store.
 33280 | Orc:1    | Noticed an orc warlord
 33359 | Orc:2    | Reached skill level 1 in Evocations
 33394 | Orc:2    | Bought a scroll of teleportation for 42 gold pieces
 33394 | Orc:2    | Bought a scroll of teleportation for 42 gold pieces
 33603 | Orc:2    | Reached XP level 15. HP: 68/68 MP: 21/30
 33604 | Orc:2    | Paralysed by an orc sorcerer for 3 turns
 33871 | Orc:2    | Noticed Nergalle
 34092 | Orc:2    | Killed Nergalle
 34093 | Orc:2    | Reached skill level 10 in Fighting
 34351 | Orc:2    | Found Qeew's Antique Armour Shop.
 34453 | Orc:2    | Found Cenurica's Book Shop.
 34948 | Orc:2    | Found Yqyocwyu's Antique Weapon Shop.
 34963 | Orc:2    | Found Ysiuheod's General Store.
 34970 | Orc:2    | Bought a potion of curing for 39 gold pieces
 35162 | Orc:2    | Found a staircase to the Elven Halls.
 35331 | Orc:1    | Found a shimmering blue altar of Sif Muna.
 35926 | Orc:1    | Learned a level 7 spell: Dragon Form
 36072 | D:12     | Paralysed by Rupert for 4 turns
 36083 | D:12     | Paralysed by Rupert for 3 turns
 36131 | D:12     | Killed Rupert
 36661 | D:13     | Noticed Snorg
 36679 | D:13     | Killed Snorg
 36683 | D:13     | Reached skill level 12 in Dodging
 36862 | D:13     | Noticed Azrael
 36871 | D:13     | Killed Azrael
 37442 | D:13     | Noticed Kirke
 37452 | D:13     | Noticed a sphinx
 37453 | D:13     | Killed Kirke
 37565 | D:13     | Noticed Erolcha
 37573 | D:13     | Killed Erolcha
 38559 | D:14     | Found a gate to the Vaults.
 38599 | D:14     | Found a hide-covered altar of Uskayaw.
 39162 | D:15     | Entered Level 15 of the Dungeon
 39269 | D:15     | Found Tiafaof's Antique Armour Shop.
 39297 | D:15     | Reached skill level 13 in Dodging
 39430 | D:15     | Found a shadowy altar of Dithmenos.
 39801 | D:15     | Found a staircase to the Depths.
 40536 | Snake:1  | Entered Level 1 of the Snake Pit
 40551 | Lair:2   | Reached skill level 14 in Dodging
 40681 | Snake:1  | HP: 4/92 [naga/+0 flail (26)]
 40902 | Snake:1  | Found Weomp's Magic Scroll Boutique.
 41045 | Snake:1  | Bought a scroll of identify for 40 gold pieces
 41045 | Snake:1  | Bought a scroll of blinking for 150 gold pieces
 41056 | Snake:1  | Reached skill level 15 in Dodging
 41459 | Snake:1  | Noticed Louise
 41471 | Snake:1  | Killed Louise
 41472 | Snake:1  | Reached XP level 16. HP: 75/75 MP: 13/31
 41936 | Snake:2  | Noticed Nikola
 41954 | Snake:2  | Killed Nikola
 41955 | Snake:2  | Reached skill level 10 in Translocations
 47058 | Snake:3  | Found a stormy altar of Qazlal.
 47153 | Snake:3  | Reached skill level 15 in Transmutations
 48003 | Snake:4  | Entered Level 4 of the Snake Pit
 48770 | Snake:4  | Reached XP level 17. HP: 78/78 MP: 29/32
 49820 | Snake:4  | Noticed Vashnia
 50072 | Snake:4  | Found Yrocial's Armour Boutique.
 50414 | Snake:4  | Killed Vashnia
 52075 | Snake:4  | Reached skill level 16 in Dodging
 52151 | Snake:4  | Got a serpentine rune of Zot
 52688 | Elf:1    | Entered Level 1 of the Elven Halls
 52716 | Elf:1    | Found a crumbling gateway.
 52787 | Elf:1    | Reached skill level 17 in Dodging
 53002 | Desolati | Entered the Desolation of Salt
 53521 | Desolati | Reached skill level 18 in Dodging
 53554 | Desolati | Identified the ring "Xooteqyt" {Fly rPois rF- Str+3}
 53880 | Desolati | Got the Folio of Exothermic Pollution
 53882 | Desolati | Got the Discursus on the Postmortem Wyrd
 53884 | Desolati | Identified the amulet "Ushrighucw" {Reflect rC- Int+2 Dex+2
                  | SH+5}
 54028 | Desolati | Identified the +7 triple sword "Orb Guardian's Death"
                  | {venom, Stlth+}
 54816 | Desolati | Reached skill level 19 in Dodging
 55610 | Desolati | HP: 5/117 [halazid warlock/bolt of cold (39)]
 55922 | Desolati | Identified the amulet of Ucisi {Reflect rN+ Str+3 SH+5}
 56257 | Elf:1    | Noticed Asterion
 56286 | Elf:1    | HP: 2/117 [green death/poison arrow[Asterion] (19)]
 56287 | Elf:1    | Killed from afar by a green death
 56288 | Elf:1    | Reached XP level 16. HP: -8/112 MP: 31/31
 56309 | Elf:1    | Reached XP level 17. HP: 64/78 MP: 27/32
 56466 | Elf:1    | Slain by an Executioner
 56467 | Elf:1    | Reached XP level 16. HP: 0/97 MP: 19/31
 56664 | Swamp:1  | Entered Level 1 of the Swamp
 56834 | Swamp:1  | HP: 1/112 [goliath frog (8)]
 56834 | Swamp:1  | Splashed by a goliath frog's acid

Illustrated notes

Levels and vault maps discovered:
D:1:      dpeg_arrival_radiant, layout_basic, basic_ecumenical_altar
D:2:      layout_basic, kennysheep_generic_room_3
D:3:      layout_basic, lemuel_crystal_altar
D:4:      layout_cave_pools, chequers_temple_overflow_statue_of_worship,
          guppyfry_early_orc_mine, uniq_natasha
D:5:      layout_loops_ring
D:6:      layout_basic, uniq_menkaure, uniq_maggie
D:7:      layout_loops_ring, minmay_temple_entry_nine_rooms,
          kennysheep_generic_room_5
D:8:      minmay_ornate_pinched, layout_rooms, uniq_pikel
D:9:      layout_loops_cross, gammafunk_ghost_split, serial_bayou_pond_c
D:10:     layout_roguey, hiddenorc1_lemuel, serial_curves, eino_curves_02,
          eino_curves_04, eino_curves_01, uniq_sonja
D:11:     kennysheep_seaside_town, layout_basic, erik_lair_island, uniq_lodul
D:12:     layout_big_octagon, gauntlet_entry_generic, grunt_decor_clamped,
          uniq_frances, uniq_rupert
D:13:     layout_stronghold, uniq_kirke, uniq_snorg, uniq_erolcha, uniq_azrael
D:14:     layout_loops_cross, hangedman_vaults_entry_quadrant_bands,
          nicolae_uskayaw_en_pointe, hangedman_abyss_or_decor_stabs
D:15:     grunt_enter_depths_hoard, layout_basic,
          nicolae_dithmenos_the_darkroom, serial_shops, nicolae_shop_dealshenge
Temple:   eino_narrow_crystal_temple
Lair:1:   layout_hall_layers, serial_bayou_shore_a
Lair:2:   layout_hall_layers, skrybe_swamp_entry_bodies,
          guppyfry_snake_entry_garden, basic_altar, minmay_lair_oklob_bushes,
          uniq_urug
Lair:3:   layout_cave_pods, nicolae_quartered_pool_little, forest_entry_grove,
          lemuel_fruit_tree
Lair:4:   layout_cave_pods, patterned_corridor, grunt_megastairs_4, uniq_nessos
Lair:5:   cheibrodos_lair_end_hotspot, layout_small_grid, slime_entry_1,
          chequers_serial_rivers_small_a, small_statue_intersection,
          infiniplex_staircase_pool_2, lemuel_fruit_fields
Swamp:1:  layout_falls_marsh, evilmike_swamp_ruin_house_1, swamp_pool2
Snake:1:  layout_misc_corridors, serial_shops,
          nicolae_shop_tiny_real_fake_doors, uniq_louise
Snake:2:  layout_onion_interference, uniq_nikola
Snake:3:  layout_onion, special_room, basic_altar, nicolae_coiled_stairwell_up,
          nicolae_triple_integral
Snake:4:  johnstein_snake_rune_scales, layout_cave_town, serial_shops,
          shop_fountains
Orc:1:    layout_caves, serial_shops, kennysheep_orc_sif_temple
Orc:2:    grunt_orc_cross, layout_caves, serial_shops,
          nicolae_shop_advertising_works [nicolae_subvault_shop_adworks],
          mines2_lemuel
Elf:1:    nicolae_elf_arrival_fired_up, layout_loops_corners,
          portal_desolation_entry_nicolae_slug, minmay_elf_annihilation,
          uniq_asterion

Skill      XL: |  1  2  3  4  5  6  7  8  9 10 11 12 13 14 15 16 17 |
---------------+----------------------------------------------------+-----
Earth Magic    | 3 4 5 6 7 8 9 10 11 | 11.7
Dodging        | 3 4 5 9 10 11 15 19 | 19.8
Conjurations   | 1 3 5 7 8 |  8.8
Spellcasting   | 3 5 7 8 10 | 10.3
Transmutations | 4 7 10 12 15 16 | 16.8
Fighting       | 5 6 7 9 11 | 11.2
Stealth        | 5 |  5.2
Unarmed Combat | 4 5 10 | 10.2
Translocations | 4 7 8 12 | 12.6
Evocations     | 1 3 |  3.5

Action                     |  1- 3 |  4- 6 |  7- 9 | 10-12 | 13-15 | 16-18 || total
---------------------------+-------+-------+-------+-------+-------+-------++-------
  Melee: Unarmed           |       |       |       |    72 |   853 |   693 ||  1618
         Bite              |       |       |       |    15 |   147 |   101 ||   263
         Punch             |       |       |       |     1 |    65 |    61 ||   127
         Tailslap          |       |       |       |       |    31 |   119 ||   150
   Cast: Sandblast         |    42 |    78 |   111 |   176 |   138 |     4 ||   549
         Stone Arrow       |       |       |    79 |   305 |   352 |    52 ||   788
         Petrify           |       |       |       |    33 |    34 |     9 ||    76
         Statue Form       |       |       |       |       |    66 |     6 ||    72
         Manifold Assault  |       |       |       |       |    15 |     4 ||    19
         Dragon Form       |       |       |       |       |    26 |   128 ||   154
 Invoke: Call Merchant     |       |       |       |       |     6 |       ||     6
         Potion Petition   |       |       |       |       |     1 |     4 ||     5
Ability: End Transformatio |       |       |       |       |     7 |    13 ||    20
         Breathe Fire      |       |       |       |       |     3 |    18 ||    21
  Evoke: Wand              |       |       |       |     4 |     5 |       ||     9
         Phantom mirror    |       |       |       |       |     1 |       ||     1
    Use: Potion            |       |       |     3 |     4 |     7 |    19 ||    33
         Scroll            |       |       |       |    14 |    14 |     7 ||    35
   Stab: Petrified         |       |       |       |    34 |    42 |     2 ||    78
         Petrifying        |       |       |       |     1 |     6 |     1 ||     8
         Distracted        |       |       |       |       |     9 |     2 ||    11
         Sleeping          |       |       |       |       |     2 |     1 ||     3
         Invisible         |       |       |       |       |     1 |       ||     1
 Armour: Skin              |     1 |     2 |     4 |    16 |   213 |   177 ||   413
  Dodge: Dodged            |     7 |    15 |    36 |   195 |  1077 |   540 ||  1870
  Block: Other             |       |       |       |       |   150 |   125 ||   275
         Reflection        |       |       |       |       |    12 |    23 ||    35

Table legend: (Time is in decaauts)
 A = Elapsed time spent in this place.
 B = Non-inter-level travel time spent in this place.
 C = Inter-level travel time spent in this place.
 D = Time resting spent in this place.
 E = Time spent auto-exploring this place.
 F = Levels seen in this place.
 G = Mean time per level.
                   A        B        C        D        E       F      G
               +--------+--------+--------+--------+--------+-----+--------+
         Total |  53829 |  51213 |   2616 |  12173 |  27648 |  31 | 1736.4 |
       Dungeon |  21647 |  20240 |   1407 |   2882 |  13431 |  15 | 1443.1 |
        Temple |    173 |    162 |     11 |      0 |    148 |   1 |  173.0 |
          Lair |  12566 |  11807 |    759 |   2202 |   7194 |   5 | 2513.2 |
         Swamp |     41 |     41 |      0 |      0 |      0 |   1 |   41.0 |
     Snake Pit |  11433 |  11197 |    236 |   4787 |   4218 |   4 | 2858.2 |
  Orcish Mines |   3458 |   3291 |    167 |    778 |   1471 |   2 | 1729.0 |
   Elven Halls |    714 |    681 |     33 |    144 |    273 |   1 |  714.0 |
    Desolation |   2945 |   2945 |      0 |   1378 |    461 |   1 | 2945.0 |
      Gauntlet |    847 |    847 |      0 |      0 |    451 |   1 |  847.0 |
               +--------+--------+--------+--------+--------+-----+--------+

Top non-repeatable levels by time:
    D:11: 3776 daAuts
 Snake:3: 3716 daAuts
  Lair:5: 3712 daAuts
 Snake:4: 3537 daAuts
Desolation: 2945 daAuts
 Snake:2: 2898 daAuts
  Lair:2: 2771 daAuts
   Orc:2: 2695 daAuts
  Lair:3: 2149 daAuts
  Lair:4: 2075 daAuts
     D:8: 1964 daAuts
    D:12: 1942 daAuts
     D:9: 1893 daAuts
  Lair:1: 1857 daAuts
     D:6: 1396 daAuts
